| TOP OF THE 1ST |
|
State College Spikes batting - Pitching for Cincinnati (NYP) Reds : LHP Juan Garcia
|
|
Pitching: LHP Juan Garcia
|
|
|
Batting: RHB Mark Cahill
|
0-0: Ball 1-0: Ball 2-0: Ground out 6-3 (Groundball, 6MS, EV 66.3 MPH)
|
|
Batting: LHB Ken Compton
|
0-0: Foul Ball, location: 2F 0-1: Ball 1-1: Swinging Strike 1-2: Foul Ball, location: 2F 1-2: Ball 2-2: Fly out, F9 (Flyball, 89M, EV 90.0 MPH)
|
|
Batting: RHB Mark Marks
|
0-0: Ball 1-0: Ball 2-0: Ball 3-0: Called Strike 3-1: Base on Balls
|
|
Batting: RHB Melvin Enriquez
|
0-0: Foul Ball, location: 2F 0-1: Ball 1-1: Ball 2-1: Ball 3-1: Ground out 5-3 (Groundball, 5S, EV 70.6 MPH)
|
| Top of the 1st over - 0 runs, 0 hits, 0 errors, 1 left on base; State College 0 - Cincinnati (NYP) 0 |
| BOTTOM OF THE 1ST |
|
Cincinnati (NYP) Reds batting - Pitching for State College Spikes : RHP Jorge Aguilar
|
|
Pitching: RHP Jorge Aguilar
|
|
|
Batting: SHB Bryan Johnston
|
0-0: Called Strike 0-1: Ball 1-1: Fly out, F7 (Flyball, 7S, EV 92.5 MPH)
|
|
Batting: LHB Fernando Gomez
|
0-0: Called Strike 0-1: Swinging Strike 0-2: Foul Ball, location: 2F 0-2: Strikes out looking
|
|
Batting: RHB Ricky Carbajal
|
0-0: Swinging Strike 0-1: Ball 1-1: Ball 2-1: Swinging Strike 2-2: Ground out 6-3 (Groundball, 6, EV 101.9 MPH)
|
| Bottom of the 1st over - 0 runs, 0 hits, 0 errors, 0 left on base; State College 0 - Cincinnati (NYP) 0 |
| TOP OF THE 2ND |
|
State College Spikes batting - Pitching for Cincinnati (NYP) Reds : LHP Juan Garcia
|
|
Batting: RHB Francisco Vargas
|
0-0: Called Strike 0-1: Fly out, F8 (Flyball, 8LD, EV 110.0 MPH)
|
|
Batting: RHB Tim Cleary
|
0-0: Called Strike 0-1: Ball 1-1: Foul Ball, location: 2F 1-2: Foul Ball, location: 2F 1-2: Ground out 5-3 (Groundball, 56S, EV 83.8 MPH)
|
|
Batting: RHB Chris LaReau
|
0-0: Called Strike 0-1: Ball 1-1: Ground out 4-3 (Groundball, 13, EV 87.5 MPH)
|
| Top of the 2nd over - 0 runs, 0 hits, 0 errors, 0 left on base; State College 0 - Cincinnati (NYP) 0 |
| BOTTOM OF THE 2ND |
|
Cincinnati (NYP) Reds batting - Pitching for State College Spikes : RHP Jorge Aguilar
|
|
Batting: RHB Jamie Ingram
|
0-0: Ball 1-0: Foul Ball, location: 2F 1-1: Ground out 4-3 (Groundball, 4, EV 81.3 MPH)
|
|
Batting: RHB Kagetoki Kawai
|
0-0: Swinging Strike 0-1: Ball 1-1: Ground out 6-3 (Groundball, 6, EV 103.1 MPH)
|
|
Batting: RHB Felipe Pineda
|
0-0: SINGLE (Groundball, 6D, EV 110.0 MPH)
|
|
Batting: RHB Dave Ruiz
|
0-0: Ball Felipe Pineda steals 2nd base 1-0: Called Strike 1-1: Ball 2-1: Ground out U3 (Groundball, 3, EV 103.1 MPH)
|
| Bottom of the 2nd over - 0 runs, 1 hit, 0 errors, 1 left on base; State College 0 - Cincinnati (NYP) 0 |
| TOP OF THE 3RD |
|
State College Spikes batting - Pitching for Cincinnati (NYP) Reds : LHP Juan Garcia
|
|
Batting: RHB Francisco de la Cruz
|
0-0: Called Strike 0-1: Foul Ball, location: 2F 0-2: Ground out 5-3 (Groundball, 56, EV 98.1 MPH)
|
|
Batting: RHB Ray Souza
|
0-0: Called Strike 0-1: Ground out 4-3 (Groundball, 6M, EV 80.6 MPH)
|
|
Batting: RHB Mark Cahill
|
0-0: Ball 1-0: Ball 2-0: DOUBLE (Groundball, 5L, EV 106.9 MPH)
|
|
Batting: LHB Ken Compton
|
0-0: Called Strike 0-1: Ball 1-1: Ball 2-1: Ground out U3 (Groundball, 3S, EV 78.1 MPH)
|
| Top of the 3rd over - 0 runs, 1 hit, 0 errors, 1 left on base; State College 0 - Cincinnati (NYP) 0 |
| BOTTOM OF THE 3RD |
|
Cincinnati (NYP) Reds batting - Pitching for State College Spikes : RHP Jorge Aguilar
|
|
Batting: RHB Chae-seong Lee
|
0-0: SINGLE (Groundball, 56S, EV 72.5 MPH) (infield hit)
|
|
Batting: LHB Antonio Molina
|
0-0: Called Strike 0-1: Ball 1-1: Foul Ball, location: 2F 1-2: Ball 2-2: Strikes out looking
|
|
Batting: SHB Bryan Johnston
|
0-0: Ball Chae-seong Lee steals 2nd, throwing error, E2 Chae-seong Lee to third 1-0: Ground out 3-1 (Groundball, 34S, EV 83.1 MPH) Chae-seong Lee scores
|
|
Batting: LHB Fernando Gomez
|
0-0: Ball 1-0: DOUBLE (Line Drive, 9LM, EV 97.5 MPH)
|
|
Batting: RHB Ricky Carbajal
|
0-0: Swinging Strike 0-1: Ground out 1-3 (Groundball, 13, EV 61.9 MPH)
|
| Bottom of the 3rd over - 1 run, 2 hits, 1 error, 1 left on base; State College 0 - Cincinnati (NYP) 1 |
| TOP OF THE 4TH |
|
State College Spikes batting - Pitching for Cincinnati (NYP) Reds : LHP Juan Garcia
|
|
Batting: RHB Mark Marks
|
0-0: Called Strike 0-1: Ball 1-1: Ball 2-1: Ball 3-1: Foul Ball, location: 2F 3-2: Strikes out swinging
|
|
Batting: RHB Melvin Enriquez
|
0-0: Called Strike 0-1: Ball 1-1: Hit by Pitch
|
|
Batting: RHB Francisco Vargas
|
0-0: Ball 1-0: Called Strike 1-1: Ball 2-1: Ball 3-1: SINGLE (Groundball, 56D, EV 99.4 MPH) Melvin Enriquez to second
|
|
Batting: RHB Tim Cleary
|
0-0: Foul Ball, location: 2F 0-1: Ball 1-1: Swinging Strike 1-2: Fielders Choice at 2nd, 4-6 (Groundball, 4M, EV 85.0 MPH) Melvin Enriquez to third
|
|
Batting: RHB Chris LaReau
|
0-0: Ball 1-0: Ball 2-0: Called Strike 2-1: Foul Ball, location: 2F 2-2: Foul Ball, location: 2F 2-2: Strikes out swinging
|
| Top of the 4th over - 0 runs, 1 hit, 0 errors, 2 left on base; State College 0 - Cincinnati (NYP) 1 |
| BOTTOM OF THE 4TH |
|
Cincinnati (NYP) Reds batting - Pitching for State College Spikes : RHP Jorge Aguilar
|
|
Batting: RHB Jamie Ingram
|
0-0: Called Strike 0-1: Ball 1-1: Ball 2-1: SOLO HOME RUN (Line Drive, 7D, EV 105.6 MPH), Distance : 407 ft
|
|
Batting: RHB Kagetoki Kawai
|
0-0: Ball 1-0: Ground out 6-3 (Groundball, 6S, EV 80.0 MPH)
|
|
Batting: RHB Felipe Pineda
|
0-0: Ball 1-0: Foul Ball, location: 2F 1-1: Ball 2-1: Ball 3-1: Foul Ball, location: 2F 3-2: Base on Balls
|
|
Batting: RHB Dave Ruiz
|
0-0: Fly out, F9 (Flyball, 89D, EV 95.0 MPH)
|
|
Batting: RHB Chae-seong Lee
|
0-0: Called Strike 0-1: Ball Felipe Pineda steals 2nd base 1-1: Ground out 1-3 (Groundball, 34S, EV 64.4 MPH)
|
| Bottom of the 4th over - 1 run, 1 hit, 0 errors, 1 left on base; State College 0 - Cincinnati (NYP) 2 |
| TOP OF THE 5TH |
|
State College Spikes batting - Pitching for Cincinnati (NYP) Reds : LHP Juan Garcia
|
|
Batting: RHB Francisco de la Cruz
|
0-0: DOUBLE (Groundball, 5L, EV 101.9 MPH)
|
|
Batting: RHB Ray Souza
|
0-0: Called Strike 0-1: Ball 1-1: Ball 2-1: Foul Ball, location: 2F 2-2: Strikes out swinging
|
|
Batting: RHB Mark Cahill
|
0-0: Called Strike 0-1: Ball 1-1: Ball 2-1: Ball 3-1: Foul Ball, location: 2F 3-2: Strikes out swinging
|
|
Batting: LHB Ken Compton
|
0-0: TRIPLE (Flyball, 89XD, EV 101.3 MPH) Francisco de la Cruz scores
|
|
Batting: RHB Mark Marks
|
0-0: Ball Wild Pitch! Ken Compton scores 1-0: Ball 2-0: Swinging Strike 2-1: Swinging Strike 2-2: Foul Ball, location: 2F 2-2: Foul Ball, location: 2F 2-2: Ball 3-2: Ground out 6-3 (Groundball, 6, EV 95.0 MPH)
|
| Top of the 5th over - 2 runs, 2 hits, 0 errors, 0 left on base; State College 2 - Cincinnati (NYP) 2 |
| BOTTOM OF THE 5TH |
|
Cincinnati (NYP) Reds batting - Pitching for State College Spikes : RHP Jorge Aguilar
|
|
Batting: LHB Antonio Molina
|
0-0: Ball 1-0: Swinging Strike 1-1: Ball 2-1: Ball 3-1: Base on Balls
|
|
Batting: SHB Bryan Johnston
|
0-0: Ball 1-0: Called Strike 1-1: Called Strike 1-2: Ball 2-2: Strikes out swinging
|
|
Batting: LHB Fernando Gomez
|
0-0: Ball 1-0: Foul Ball, location: 2F 1-1: Fly out, F7 (Flyball, 7, EV 88.8 MPH)
|
|
Batting: RHB Ricky Carbajal
|
0-0: Ball 1-0: DOUBLE (Groundball, 5L, EV 111.3 MPH) Antonio Molina to third
|
|
Batting: RHB Jamie Ingram
|
0-0: Ball 1-0: Fly out, F4 (Line Drive, 4, EV 70.0 MPH)
|
| Bottom of the 5th over - 0 runs, 1 hit, 0 errors, 2 left on base; State College 2 - Cincinnati (NYP) 2 |
| TOP OF THE 6TH |
|
State College Spikes batting - Pitching for Cincinnati (NYP) Reds : LHP Juan Garcia
|
|
Batting: RHB Melvin Enriquez
|
0-0: Ground out 4-3 (Groundball, P, EV 81.9 MPH)
|
|
Batting: RHB Francisco Vargas
|
0-0: Called Strike 0-1: Ball 1-1: Ball 2-1: Foul Ball, location: 2F 2-2: Ground out 5-3 (Groundball, 56S, EV 82.5 MPH)
|
|
Batting: RHB Tim Cleary
|
0-0: Hit by Pitch
|
|
Batting: RHB Chris LaReau
|
0-0: Called Strike Tim Cleary is caught stealing 2nd base 2-4
|
| Top of the 6th over - 0 runs, 0 hits, 0 errors, 0 left on base; State College 2 - Cincinnati (NYP) 2 |
| BOTTOM OF THE 6TH |
|
Cincinnati (NYP) Reds batting - Pitching for State College Spikes : RHP Jorge Aguilar
|
|
Batting: RHB Kagetoki Kawai
|
0-0: Swinging Strike 0-1: Foul Ball, location: 2F 0-2: Strikes out looking
|
|
Batting: RHB Felipe Pineda
|
0-0: Ground out 6-3 (Groundball, 6, EV 85.6 MPH)
|
|
Batting: RHB Dave Ruiz
|
0-0: Foul Ball, location: 2F 0-1: Ground out 5-3 (Groundball, 5S, EV 88.8 MPH)
|
| Bottom of the 6th over - 0 runs, 0 hits, 0 errors, 0 left on base; State College 2 - Cincinnati (NYP) 2 |
| TOP OF THE 7TH |
|
State College Spikes batting - Pitching for Cincinnati (NYP) Reds : LHP Juan Garcia
|
|
Batting: RHB Chris LaReau
|
0-0: Swinging Strike 0-1: Ball 1-1: Foul Ball, location: 2F 1-2: Foul Ball, location: 2F 1-2: Ground out 4-3 (Groundball, 4, EV 96.9 MPH)
|
|
Batting: RHB Francisco de la Cruz
|
0-0: Ball 1-0: Called Strike 1-1: Foul Ball, location: 2F 1-2: Ball 2-2: Fly out, F7 (Flyball, 7D, EV 105.6 MPH)
|
|
Batting: RHB Ray Souza
|
0-0: Swinging Strike 0-1: Foul Ball, location: 2F 0-2: Ball 1-2: Foul Ball, location: 2F 1-2: Ball 2-2: Foul Ball, location: 2F 2-2: SINGLE (Groundball, 6D, EV 102.5 MPH)
|
|
Pitching: RHP Markus Bevan
|
|
|
Batting: RHB Mark Cahill
|
0-0: Called Strike Ray Souza steals 2nd base 0-1: Ball 1-1: Ball 2-1: Called Strike 2-2: Ball 3-2: Strikes out swinging
|
| Top of the 7th over - 0 runs, 1 hit, 0 errors, 1 left on base; State College 2 - Cincinnati (NYP) 2 |
| BOTTOM OF THE 7TH |
|
Cincinnati (NYP) Reds batting - Pitching for State College Spikes : RHP Jorge Aguilar
|
|
Batting: RHB Chae-seong Lee
|
0-0: Ball 1-0: Swinging Strike 1-1: SINGLE (Line Drive, 9S, EV 103.1 MPH)
|
|
Pitching: LHP Sean Cerna
|
|
|
Batting: LHB Antonio Molina
|
0-0: Called Strike 0-1: Hit by Pitch Chae-seong Lee to second
|
|
Batting: SHB Bryan Johnston
|
0-0: Sac Bunt to 2L - play at first, batter OUT! 2-4 Chae-seong Lee to third Antonio Molina to second
|
|
Pinch Hitting: RHB Logan Smith
|
0-0: Ball 1-0: Called Strike 1-1: Ball Passed Ball! Chae-seong Lee scores Antonio Molina to third 2-1: Ball 3-1: Foul Ball, location: 2F 3-2: DOUBLE (Line Drive, 9LM, EV 108.8 MPH) Antonio Molina scores
|
|
Batting: RHB Ricky Carbajal
|
0-0: Foul Ball, location: 2F 0-1: Ball 1-1: Called Strike 1-2: Strikes out swinging
|
|
Batting: RHB Jamie Ingram
|
0-0: Ball 1-0: Foul Ball, location: 2F 1-1: Ball 2-1: Ball 3-1: Ground out 4-3 (Groundball, 4, EV 85.6 MPH)
|
| Bottom of the 7th over - 2 runs, 2 hits, 0 errors, 1 left on base; State College 2 - Cincinnati (NYP) 4 |
| TOP OF THE 8TH |
|
State College Spikes batting - Pitching for Cincinnati (NYP) Reds : RHP Markus Bevan
|
|
Now at 2B: Josiah Leath
|
|
|
Now at SS: Chae-seong Lee
|
|
|
Batting: LHB Ken Compton
|
0-0: Called Strike 0-1: Ball 1-1: Foul Ball, location: 2F 1-2: Strikes out swinging
|
|
Batting: RHB Mark Marks
|
0-0: Called Strike 0-1: Ball 1-1: Ball 2-1: Fly out, F7 (Flyball, 7S, EV 90.0 MPH)
|
|
Batting: RHB Melvin Enriquez
|
0-0: Called Strike 0-1: Ball 1-1: Swinging Strike 1-2: Ball 2-2: Foul Ball, location: 2F 2-2: Strikes out swinging
|
| Top of the 8th over - 0 runs, 0 hits, 0 errors, 0 left on base; State College 2 - Cincinnati (NYP) 4 |
| BOTTOM OF THE 8TH |
|
Cincinnati (NYP) Reds batting - Pitching for State College Spikes : LHP Sean Cerna
|
|
Batting: RHB Kagetoki Kawai
|
0-0: Foul Ball, location: 2F 0-1: Ball 1-1: Ball 2-1: SINGLE (Groundball, 56D, EV 98.1 MPH)
|
|
Batting: RHB Felipe Pineda
|
0-0: Ball 1-0: Sac Bunt to 15S - play at first, batter OUT! 1-4 Kagetoki Kawai to second
|
|
Batting: RHB Dave Ruiz
|
0-0: Hit by Pitch
|
|
Batting: RHB Chae-seong Lee
|
0-0: Foul Ball, location: 2F 0-1: Ball 1-1: Ball 2-1: Foul Ball, location: 2F 2-2: Strikes out swinging
|
|
Batting: LHB Antonio Molina
|
0-0: Ball 1-0: Ground out 4-3 (Groundball, 4, EV 88.8 MPH)
|
| Bottom of the 8th over - 0 runs, 1 hit, 0 errors, 2 left on base; State College 2 - Cincinnati (NYP) 4 |
| TOP OF THE 9TH |
|
State College Spikes batting - Pitching for Cincinnati (NYP) Reds : RHP Markus Bevan
|
|
Pitching: RHP Giovonni Morgia
|
|
|
Batting: RHB Francisco Vargas
|
0-0: Foul Ball, location: 2F 0-1: Ball 1-1: Ground out 1-3 (Groundball, P, EV 66.3 MPH)
|
|
Pinch Hitting: LHB Jayden Thomas
|
0-0: Ball 1-0: Ground out 3-1 (Groundball, 34S, EV 91.3 MPH)
|
|
Batting: RHB Chris LaReau
|
0-0: Foul Ball, location: 2F 0-1: Ball 1-1: Swinging Strike 1-2: Ball 2-2: Strikes out swinging
|
| Top of the 9th over - 0 runs, 0 hits, 0 errors, 0 left on base; State College 2 - Cincinnati (NYP) 4 |
|